 Dungeon Crawl Stone Soup version 0.32-a0-893-gf85d74f (webtiles) character file.

Game seed: 5607354721559712639

360983 gompami the Fetichist (level 23, 147/147 HPs)
             Began as a Kobold Summoner on Dec 20, 2023.
             Was the Champion of Wu Jian.
             Quit the game on level 4 of the Vaults on Apr 3, 2024.
             The game lasted 02:42:00 (52426 turns).

gompami the Fetichist (Kobold Summoner)            Turns: 52426, Time: 02:42:01

Health: 147/147    AC: 12    Str:  6    XL:     23   Next: 48%
Magic:  37/37      EV: 29    Int: 19    God:    Wu Jian [******]
Gold:   1705       SH: 10    Dex: 27    Spells: 5/42 levels left

rFire   + + .        w - +3 demon blade (vamp)
rCold   + . .        I - +3 buckler {rF+}
rNeg    . . .        g - +3 troll leather armour
rPois   .            P - +0 hat of the Blind Marksman {+Inv rElec Int-2 SInv}
rElec   +            s - scarf {rC+ rF+}
rCorr   .            u - +1 pair of gloves
SInv    +            D - +2 pair of boots
Will    +++++        L - amulet of faith
Stlth   +++++        Q - ring of Descent {Wiz Fly rF- Will++ Int+3}
HPRegen 1.24/turn    X - ring "Bib Tato" {rF+ Will++ Dex+3}
MPRegen 0.25/turn

%: faith, wizardry (x1)
@: flying, studying 2 skills
A: small, no large weapons, nightstalker 3
}: 2/15 runes: decaying, gossamer
a: Renounce Religion, Evoke Invisibility, Wall Jump, Serpent's Lash, Heavenly
Storm


You were on level 4 of the Vaults.
You worshipped Wu Jian.
Wu Jian was exalted by your worship.
You visited 8 branches of the dungeon, and saw 38 of its levels.
You also visited: Gauntlet.

You collected 4636 gold pieces.
You spent 2931 gold pieces at shops.

Inventory:

Hand Weapons
 a - the +7 Throatcutter {drain, coup de grace}
   (You found it on level 6 of the Dungeon)
 b - a +9 dagger
 w - a +3 vampiric demon blade (weapon)
Missiles
 M - 23 curare-tipped darts (quivered)
 S - 3 throwing nets
Armour
 g - a +3 troll leather armour (worn)
 s - a scarf of resistance (worn)
 u - a +1 pair of gloves (worn)
 D - a +2 pair of boots (worn)
 I - a +3 buckler of fire resistance (worn)
 P - the +0 hat of the Blind Marksman (worn) {+Inv rElec Int-2 SInv}
   (You found it in a Gauntlet)

   Int-2:     It affects your intelligence (-2).
   rElec:     It insulates you from electricity.
   SInv:      It lets you see invisible.
   +Inv:      It lets you turn invisible.
Jewellery
 L - an amulet of faith (around neck)
 N - a ring of positive energy
 Q - the ring of Descent (left hand) {Wiz Fly rF- Will++ Int+3}
   (You found it on level 5 of the Lair of Beasts)

   [ring of wizardry]

   Wiz:       It improves your spell success rate.
   Int+3:     It affects your intelligence (+3).
   rF-:       It makes you vulnerable to fire.
   Will++:    It greatly increases your willpower.
   Fly:       It grants you flight.
 X - the ring "Bib Tato" (right hand) {rF+ Will++ Dex+3}
   (You found it on level 3 of the Lair of Beasts)

   [ring of protection from fire]

   Dex+3:     It affects your dexterity (+3).
   rF+:       It protects you from fire.
   Will++:    It greatly increases your willpower.
Wands
 f - a wand of iceblast (37)
 v - a wand of flame (24)
 C - a wand of paralysis (43)
 E - a wand of acid (18)
 F - a wand of digging (10)
 K - a wand of mindburst (32)
Scrolls
 e - 6 scrolls of fear
 h - 6 scrolls of revelation
 i - 7 scrolls of vulnerability
 j - 5 scrolls of blinking
 k - 5 scrolls of silence
 p - 2 scrolls of torment
 y - 3 scrolls of immolation
 A - 14 scrolls of teleportation
 G - 5 scrolls of poison
 H - a scroll of butterflies
 O - 3 scrolls of amnesia
 U - 5 scrolls of fog
Potions
 l - 4 potions of haste
 m - 6 potions of enlightenment
 n - 5 potions of brilliance
 o - 2 potions of lignification
 q - 9 potions of attraction
 r - 11 potions of ambrosia
 t - 2 potions of heal wounds
 z - 6 potions of magic
 B - 2 potions of berserk rage
 J - a potion of invisibility
 R - a potion of mutation
 V - 3 potions of resistance
 Y - 2 potions of cancellation
 Z - 11 potions of curing
Miscellaneous
 c - a tin of tremorstones (2/2)
 d - a sack of spiders
 x - a lightning rod (2/4)
 T - a phantom mirror
 W - a phial of floods


   Skills:
 + Level 16.2 Fighting
 - Level 6.0(14.6) Short Blades
 - Level 13.7(14.0) Long Blades
 - Level 4.0 Throwing
 - Level 6.0 Armour
 + Level 16.4 Dodging
 - Level 6.0 Stealth
 - Level 6.0 Shields
 - Level 10.0 Spellcasting
 - Level 6.0 Conjurations
 - Level 10.0 Hexes
 - Level 16.0 Summonings
 - Level 6.0 Translocations
 - Level 10.0 Air Magic
 - Level 10.0 Alchemy
 + Level 16.4 Evocations


You had 5 spell levels left.
You knew the following spells:

 Your Spells              Type           Power      Damage    Failure   Level
a - Dazzling Flash        Conj/Hex       78%        N/A       1%          3
b - Summon Cactus Giant   Summ           31%        N/A       1%          6
c - Summon Forest         Summ/Tloc      25%        N/A       1%          5
e - Summon Mana Viper     Hex/Summ       56%        N/A       1%          5
f - Mephitic Cloud        Conj/Alch/Air  42%        N/A       1%          3
g - Swiftness             Air            47%        N/A       1%          3
i - Silence               Hex/Air        23%        N/A       3%          5
q - Alistair's Intoxicat  Alch           31%        N/A       3%          5
x - Mercury Vapours       Alch/Air       94%        N/A       1%          2

Your spell library contained the following spells:

 Spells                   Type           Power      Damage    Failure   Level
 Summon Small Mammal      Summ           100%       N/A       0%          1
 Magic Dart               Conj           100%       1d8       1%          1
 Shock                    Conj/Air       100%       1d9       1%          1
 Call Imp                 Summ           100%       N/A       1%          2
 Cigotuvi's Dreadful Rot  Necr/Alch/Air  68%        N/A       1%          2
 Lesser Beckoning         Tloc           64%        N/A       1%          2
 Momentum Strike          Conj/Tloc      64%        3d9       1%          2
 Searing Ray              Conj           64%        2d6       1%          2
 Call Canine Familiar     Summ           63%        N/A       1%          3
 Sigil of Binding         Hex            47%        N/A       1%          3
 Summon Ice Beast         Ice/Summ       39%        N/A       1%          3
 Teleport Other           Tloc           32%        N/A       1%          3
 Tukima's Dance           Hex            47%        N/A       1%          3
 Airstrike                Air            23%        2d(4-20)  1%          4
 Cause Fear               Hex            23%        N/A       1%          4
 Summon Lightning Spire   Summ/Air       56%        N/A       1%          4
 Animate Armour           Summ/Erth      78%        N/A       2%          4
 Dimensional Bullseye     Hex/Tloc       19%        N/A       2%          4
 Fulminant Prism          Conj/Alch      19%        3d10      2%          4
 Summon Blazeheart Golem  Fire/Summ      39%        N/A       2%          4
 Hailstorm                Conj/Ice       20%        3d7       6%          3
 Volatile Blastmotes      Fire/Tloc      40%        2d13      6%          3
 Iskenderun's Mystic Bla Conj/Tloc 32%            2d8        (+2d4     6%          4
 Arcjolt                  Conj/Air       19%        1d29      7%          5
 Anguish                  Hex/Necr       14%        N/A       9%          4
 Ignite Poison            Fire/Alch      28%        N/A       9%          4
 Sticky Flame             Fire/Alch      28%        2d7       9%          4
 Iskenderun's Battlesphe  Conj           32%        2d8       16%         5
 Brom's Barrelling Bould  Conj/Erth      20%        2d4       19%         4
 Freezing Cloud           Conj/Ice/Air   14%        6-21      21%         5
 Fireball                 Conj/Fire      10%        3d6       45%         5
 Animate Dead             Necr           9%         N/A       52%         4
 Dispel Undead            Necr           9%         3d8       52%         4
 Borgnjor's Vile Clutch   Necr/Erth      4%         N/A       86%         5
 Curse of Agony           Necr           9%         N/A       86%         5
 Lee's Rapid Deconstruct  Erth           4%         3d5*      86%         5
 Eringya's Noxious Bog    Alch           23%        4d6       16%         6
 Conjure Ball Lightning   Conj/Air       19%        3x3d6     34%         6
 Dispersal                Tloc           16%        N/A       61%         6
 Enfeeble                 Hex            23%        N/A       65%         7
 Starburst                Conj/Fire      10%        6d5       95%         6
 Manifold Assault         Tloc           16%        N/A       99%         7
 Orb of Destruction       Conj           16%        9d7       99%         7
 Death Channel            Necr           4%         N/A       100%        6
 Disjunction              Tloc           16%        N/A       100%        8
 Ignition                 Fire           4%         3d4       100%        8
 Chain Lightning          Conj/Air       19%        3d26      100%        9
 Dragon's Call            Summ           31%        N/A       100%        9


Dungeon Overview and Level Annotations

Branches:
Dungeon (15/15)            Temple (1/1) D:4            Lair (5/5) D:8
  Swamp (4/4) Lair:2       Spider (4/4) Lair:2        Slime (0/5) Lair:5
    Orc (2/2) D:12            Elf (3/3) Orc:2        Vaults (4/5) D:14
  Crypt (0/3) Vaults:2     Depths (0/4) D:15        Gauntlet (visited)

Altars:
Ashenzari
Cheibriados
Dithmenos
Elyvilon
Fedhas
Gozag
Hepliaklqana
Kikubaaqudgha
Makhleb
Nemelex Xobeh
Okawaru
Qazlal
Ru
Sif Muna
Trog
Uskayaw
Vehumet
Wu Jian
Xom
Yredelemnul
Zin
The Shining One
Beogh
Jiyva

Shops:
D:4 (   D:7 [   D:9 [   D:11 [   Orc:2 (=[*   Vaults:1 =   Vaults:2 ?
Vaults:4 !

Annotations:
D:10 3 runed translucent doors, kasel's ghost, journeyman DrSh
Elf:2 3 runed translucent doors
Vaults:2 8 runed translucent doors, Pawaof's ghost, veteran KoBe


Innate Abilities, Weirdness & Mutations

You are small and have problems with some larger weapons.
You are completely attuned to the shadows.


Message History

There is an open door here.
There is an open door here.
Key pressed, stopping explore.
You reach down and open the door.
There is an open door here.
There is an open door here.
There is an open door here.
There is an open door here.
There is an open door here.
Found a scale mail.
You see here an orb of energy.
You reach down and open the door.
There is an open door here.
Found an escape hatch in the floor.
C - a wand of paralysis (43) (gained 5 charges)
There is an open door here.
There is an open door here.
You see here a +0 arbalest.
There is an open door, spattered with blood here.
There is an open door here.
There is an open door here.
Found a stone staircase leading up.
There is an open door here.
There is an open door here.
There is an open door here.
You reach down and open the door.
There is an open door here.
Done exploring.
Done exploring.
There is an open door here.
There is an open door, spattered with blood here.
There is an open door here.
Casting: Summon Cactus Giant (mildly dangerous; 1% risk of failure)
Confirm with . or Enter, or press ? or * to list all spells.
Okay, then.
Okay, then.
Welcome back, gompami the Kobold Summoner.
The Council says: Follow the path of wisdom and battle!
Press ? for a list of commands and other information.
Are you sure you want to abandon this character and quit the game? (Confirm with "yes".)

# #.......).# ####### ##
#....))...# .# #.......).#
.## #.........# ##### ..#
#.......).# ##...# ..#
#.........###..>.#
################'#####.....#
..................###.....##
................@.##.....##
..................'.....##
..................'.<..##
..................#...##
###'#########.....#####
.....# #.....###############
.....# #.....#..............
.....# #.....#..............
.....# #.....'..............


There were no monsters in sight!

Vanquished Creatures
  Nikola (Spider:4)
  Arachne (Spider:3)
  Rupert (D:14)
  A lich (Vaults:4)
  A quicksilver dragon (Vaults:3)
  A titan (Vaults:4)
  2 deep elf blademasters (Elf:3)
  2 deep elf master archers (Elf:3)
  5 sphinxes
  A storm dragon (Vaults:3)
  2 thorn hunters
  Donald (Spider:1)
  5 emperor scorpions
  2 ghost moths (Spider:4)
  Louise (Spider:4)
  6 vault wardens
  2 orc warlords
  A deep elf elementalist (Elf:1)
  3 deep elf sorcerers (Elf:3)
  12 ironbound preservers
  2 formless jellyfish
  A stone giant (Vaults:2)
  4 broodmothers
  A very ugly thing (D:15)
  7 ironbound thunderhulks
  Nessos (D:14)
  A war gargoyle (Vaults:2)
  7 deep elf demonologists
  3 deep elf death magi (Elf:3)
  5 spark wasps
  3 dire elephants (Vaults:4)
  A minotaur (Gauntlet)
  5 deep elf annihilators
  3 bunyips
  11 yaktaur captains
  A crystal guardian (Vaults:4)
  An ettin (Vaults:3)
  3 deep elf high priests
  7 entropy weavers
  A shambling mangrove (Swamp:1)
  6 great orbs of eyes
  14 hydras
  2 jorogumos
  12 centaur warriors
  3 ghost crabs
  5 ironbound frosthearts
  3 peacekeepers
  2 radroaches
  An ogre mage (D:15)
  9 two-headed ogres
  3 boulder beetles
  6 alligators
  17 dancing weapons
  A tengu warrior (D:15)
  A death yak (Lair:1)
  An occultist (D:15)
  4 orc high priests (Orc:2)
  4 demonic crawlers
  13 deep elf knights
  A vampire mage (Vaults:2)
  A sun moth (Spider:4)
  A skyshark (Lair:2)
  6 pharaoh ants
  7 skeletal warriors
  7 goliath frogs
  A flayed ghost (Vaults:4)
  4 orb spiders
  26 deep trolls
  5 swamp dragons
  2 bog bodies
  7 lindwurms
  6 orc knights
  6 arcanists
  3 spriggan druids
  12 ironbound convokers
  3 phantasmal warriors
  12 deep elf archers
  12 harpies
  An oklob plant (Lair:4)
  13 deep elf pyromancers
  27 wolf spiders
  8 steelbarb worms
  25 deep elf zephyrmancers
  32 ugly things
  3 orc sorcerers (Orc:2)
  A faun (shapeshifter) (Vaults:1)
  4 cyclopes
  6 manticores
  A moth of wrath (Spider:2)
  2 will-o-the-wisps (Swamp:2)
  Maurice (D:8)
  17 elephants
  3 kobold blastminers (Orc:2)
  6 torpor snails
  11 vault sentinels
  6 black mambas
  Joseph (D:7)
  7 cane toads
  An ice statue (Gauntlet)
  An eye of devastation (Gauntlet)
  An orange demon (D:8)
  30 yaktaurs
  4 rime drakes
  2 kobold demonologists (D:11)
  3 unseen horrors
  8 komodo dragons
  A freezing wraith (D:14)
  2 efreet
  2 bloated husks
  3 polar bears
  A tengu conjurer (D:15)
  6 tyrant leeches
  42 tarantellas
  8 trolls
  A meliai (shapeshifter) (D:14)
  A queen bee (shapeshifter) (Elf:2)
  A polar bear (shapeshifter) (D:15)
  16 hornets
  16 blink frogs
  7 dream sheep
  A raiju (shapeshifter) (D:15)
  A spectral black mamba (Lair:2)
  26 jumping spiders
  30 slime creatures
  4 air elementals
  14 culicivoras
  17 spriggans
  2 wyverns
  A spriggan (shapeshifter) (D:15)
  3 water elementals
  4 nameless horrors
  3 wraiths
  61 yaks
  3 fire elementals (Elf:1)
  16 humans
  A golden eye (Gauntlet)
  A golden eye (shapeshifter) (D:14)
  9 basilisks
  63 redbacks
  7 wargs
  A steam dragon (Lair:2)
  7 vampire mosquitoes
  A spectral cane toad (Lair:2)
  15 swamp worms
  4 acid dragons
  12 water moccasins
  17 orc warriors
  A spectral torpor snail (Lair:2)
  6 swamp drakes
  6 ice beasts (D:8)
  6 black bears
  10 ogres
  6 boggarts
  16 centaurs
  33 wolves
  2 kobold brigands
  13 bullfrogs
  An earth elemental (Elf:3)
  3 gnoll sergeants
  A scorpion (D:5)
  A spectral water moccasin (Lair:2)
  11 wights (D:7)
  4 killer bees (D:11)
  7 electric eels
  4 howler monkeys
  3 hounds
  A gnoll bouda (D:10)
  8 orc priests
  3 jellies
  2 iguanas
  Ijyb (D:5)
  Terence (D:2)
  9 orc wizards
  13 gnolls
  4 adders
  A shadow imp (D:6)
  2 ribbon worms
  63 orcs
  4 ball pythons
  2 endoplasms
  2 goblins (D:2)
  8 hobgoblins
  2 jackals (D:2)
  3 bats (D:2)
  2 frilled lizards
  12 kobolds
  3 rats
1284 creatures vanquished.

Vanquished Creatures (collateral kills)
  Frederick (Vaults:3)
  Jorgrun (D:14)
  A sphinx (Vaults:3)
  A shadow dragon (Vaults:4)
  A vault warden (Vaults:2)
  4 fenstrider witches
  An emperor scorpion (Spider:4)
  2 ghost moths
  A deep elf elementalist (Elf:2)
  2 ironbound thunderhulks
  4 ironbound preservers
  A formless jellyfish (Vaults:2)
  2 eleionomae
  A stone giant (Vaults:2)
  A dire elephant (Vaults:4)
  A bunyip (Swamp:2)
  A deep elf death mage (Vaults:2)
  A crystal guardian (Vaults:4)
  A shambling mangrove (Swamp:2)
  2 entropy weavers
  A vault guard (Vaults:2)
  4 yaktaur captains
  3 great orbs of eyes
  3 ironbound frosthearts
  3 hydras (Swamp:4)
  2 jorogumos
  A peacekeeper (Vaults:4)
  3 dancing weapons
  A boulder beetle (D:11)
  A death knight (Vaults:2)
  3 demonic crawlers
  A deep elf knight (Elf:1)
  2 skeletal warriors
  A shadow wraith (Vaults:4)
  A pharaoh ant (Spider:3)
  7 deep trolls
  3 arcanists
  A goliath frog (Swamp:1)
  An orb spider (Spider:3)
  4 lindwurms
  2 phantasmal warriors
  2 deep elf archers (Elf:3)
  3 harpies (Vaults:3)
  3 ironbound convokers
  2 orc knights
  A steelbarb worm (Spider:1)
  5 swamp dragons
  2 deep elf zephyrmancers
  A deep elf pyromancer (Elf:2)
  2 wolf spiders (Spider:3)
  A manticore (D:11)
  A will-o-the-wisp (Swamp:2)
  5 ugly things
  An elephant (Lair:3)
  A moth of wrath (Spider:4)
  A kobold blastminer (Orc:2)
  3 vault sentinels
  A rime drake (D:8)
  A komodo dragon (Lair:5)
  6 yaktaurs
  2 polar bears
  5 tarantellas
  A tyrant leech (Swamp:3)
  A hornet (Swamp:1)
  A glass eye (Gauntlet)
  A blink frog (Lair:4)
  13 slime creatures
  2 jumping spiders
  3 culicivoras
  3 spriggans
  A water elemental (Elf:2)
  A human (D:14)
  A yak (D:9)
  A fire elemental (Elf:3)
  A warg (Orc:1)
  12 redbacks
  Menkaure (D:7)
  An acid dragon (D:7)
  2 water moccasins
  2 swamp drakes (Swamp:4)
  An ice beast (D:5)
  3 black bears
  A wolf (Lair:5)
  A phantom (D:5)
  A gnoll sergeant (D:10)
  2 scorpions (D:5)
  2 hounds (D:5)
  An orc priest (D:3)
  2 orc wizards (D:3)
  A mummy (D:10)
  6 adders
  3 gnolls (D:5)
  2 ribbon worms
  A dart slug (D:3)
  10 orcs
  2 bats
  2 endoplasms (D:1)
  3 giant cockroaches
  2 hobgoblins
  A quokka (D:2)
  2 ball pythons (D:2)
  A frilled lizard (D:1)
  A kobold (D:2)
  A rat (D:2)
227 creatures vanquished.

Vanquished Creatures (others)
  2 deep elf knights (Elf:2)
  Amaemon (D:8)
  2 bog bodies (Swamp:4)
  An ironbound convoker (Vaults:1)
  A yaktaur (Vaults:4)
  6 bloated husks
  4 foxfires (Swamp:2)
  4 snaplasher vines
21 creatures vanquished.

Grand Total: 1532 creatures vanquished

Notes
Turn   | Place    | Note
-------+----------+-------------------------------------------
     0 | D:1      | gompami the Kobold Summoner began the quest for the Orb.
     0 | D:1      | Reached XP level 1. HP: 10/10 MP: 3/3
   728 | D:1      | Reached skill level 1 in Fighting
   728 | D:1      | Reached XP level 2. HP: 16/16 MP: 1/5
   731 | D:1      | Learned a level 2 spell: Call Imp
  1323 | D:2      | Reached XP level 3. HP: 21/21 MP: 2/6
  1332 | D:2      | Learned a level 3 spell: Call Canine Familiar
  1552 | D:2      | Noticed Terence
  1576 | D:2      | Found a faded altar of an unknown god.
  1646 | D:2      | Reached XP level 4. HP: 27/27 MP: 1/7
  2254 | D:2      | Killed Terence
  2255 | D:2      | Reached skill level 5 in Summonings
  2255 | D:2      | Reached XP level 5. HP: 26/32 MP: 1/8
  2890 | D:3      | Reached skill level 1 in Short Blades
  3521 | D:3      | Reached XP level 6. HP: 37/37 MP: 2/9
  3769 | D:3      | Learned a level 4 spell: Summon Blazeheart Golem
  3802 | D:4      | Found a staircase to the Ecumenical Temple.
  3821 | D:4      | Noticed a black bear
  3946 | Temple   | Entered the Ecumenical Temple
  3969 | Temple   | Became a worshipper of the Wu Jian Council
  4023 | D:4      | Killed a black bear
  4024 | D:4      | Reached skill level 1 in Hexes
  4545 | D:4      | Reached XP level 7. HP: 41/41 MP: 10/10
  4766 | D:4      | Found Uwiask's Weapon Boutique.
  4772 | D:4      | Bought 5 poisoned darts for 39 gold pieces
  4778 | D:4      | Found a burning altar of Makhleb.
  4962 | D:4      | Reached skill level 1 in Throwing
  5064 | D:5      | Entered Level 5 of the Dungeon
  5080 | D:5      | Noticed Ijyb
  5083 | D:5      | Killed Ijyb
  5260 | D:5      | Noticed a water moccasin
  5283 | D:5      | Killed a water moccasin
  5284 | D:5      | Reached XP level 8. HP: 30/46 MP: 3/11
  5592 | D:5      | Reached skill level 1 in Evocations
  5979 | D:5      | Reached skill level 5 in Short Blades
  6483 | D:6      | Reached * piety under Wu Jian
  6666 | D:6      | Reached skill level 5 in Stealth
  6745 | D:6      | Reached XP level 9. HP: 52/52 MP: 12/12
  7013 | D:6      | Found the +7 Throatcutter {drain, coup de grace}
  7126 | D:6      | Reached skill level 1 in Long Blades
  7389 | D:7      | Reached skill level 5 in Fighting
  7634 | D:7      | Found a shadowy altar of Dithmenos.
  7658 | D:7      | Noticed Menkaure
  7665 | D:7      | Killed Menkaure
  7709 | D:7      | Reached skill level 5 in Dodging
  7818 | D:7      | Found Caugryt's Antique Armour Boutique.
  7825 | D:7      | Reached ** piety under Wu Jian
  7834 | D:7      | Reached XP level 10. HP: 56/60 MP: 6/13
  7956 | D:7      | Noticed Joseph
  7969 | D:7      | Killed Joseph
  7970 | D:7      | Reached skill level 5 in Long Blades
  8270 | D:8      | Noticed an orange demon
  8277 | D:8      | Killed an orange demon
  8378 | D:8      | Noticed a rime drake
  8436 | D:8      | Killed a rime drake
  8445 | D:8      | Reached skill level 5 in Evocations
  8551 | D:8      | Noticed Maurice
  8555 | D:8      | Killed Maurice
  8640 | D:8      | Noticed Amaemon
  8655 | D:8      | Killed Amaemon
  8656 | D:8      | Reached XP level 11. HP: 51/64 MP: 6/14
  8929 | D:8      | Found a staircase to the Lair.
  9194 | D:9      | Found Xyizyrr's Antique Armour Shop.
  9199 | D:9      | Bought a runed buckler for 225 gold pieces
  9199 | D:9      | Bought a runed robe for 111 gold pieces
  9426 | D:9      | Reached skill level 1 in Shields
  9580 | D:9      | Reached *** piety under Wu Jian
  9891 | D:9      | Found an iron altar of Okawaru.
  9902 | D:9      | Found a glowing silver altar of Zin.
 10083 | D:10     | Entered Level 10 of the Dungeon
 10221 | D:10     | Found a sacrificial altar of Ru.
 10488 | D:10     | Found a snail-covered altar of Cheibriados.
 10763 | D:10     | Found a runed translucent gate.
 10764 | D:10     | Found a runed translucent gate.
 10764 | D:10     | Noticed kasel's ghost (journeyman DrSh)
 10765 | D:10     | Found a runed translucent gate.
 10776 | D:10     | Noticed a ten-headed hydra
 10801 | D:11     | Found a gate leading to a gauntlet.
 10805 | Gauntlet | Entered a Gauntlet
 10806 | Gauntlet | Found a transporter.
 10814 | Gauntlet | Noticed a necromancer
 10832 | Gauntlet | Noticed a spectral death yak
 10847 | Gauntlet | Found a transporter.
 10859 | Gauntlet | Found a transporter.
 10863 | Gauntlet | Noticed a ghost crab
 10882 | Gauntlet | Found a transporter.
 10882 | Gauntlet | Found a transporter.
 10909 | Gauntlet | Found a transporter.
 10937 | Gauntlet | Found a transporter.
 10937 | Gauntlet | Found a transporter.
 10946 | Gauntlet | Noticed a death scarab
 10969 | Gauntlet | Found a transporter.
 10969 | Gauntlet | Found a transporter.
 11076 | Gauntlet | Reached skill level 1 in Armour
 11111 | Gauntlet | Identified the +1 pair of boots "Suech" {*Slow rPois rN+++
                  | SInv}
 11144 | Gauntlet | Killed a ghost crab
 11149 | Gauntlet | Identified the +0 hat of the Blind Marksman {+Inv rElec
                  | Int-2 SInv}
 11312 | Gauntlet | Noticed a minotaur
 11331 | Gauntlet | Killed a minotaur
 11332 | Gauntlet | Reached XP level 12. HP: 25/73 MP: 8/15
 11384 | Gauntlet | Identified the +9 plate armour of the Game of Kings {rElec
                  | rPois}
 11385 | Gauntlet | Got Sif Muna's Essays on Aeromancy and Argyropoeia
 11385 | Gauntlet | Got Jaotik's Spellbook of Violence
 11675 | D:11     | Noticed a centaur warrior
 11751 | D:11     | Found Doemaick's Antique Armour Shoppe.
 11984 | D:11     | Noticed a two-headed ogre
 12002 | D:11     | Killed a two-headed ogre
 12131 | D:11     | Reached skill level 5 in Shields
 12226 | D:11     | Noticed a boulder beetle
 12237 | D:11     | Killed a boulder beetle
 12333 | D:11     | Killed a centaur warrior
 12618 | D:11     | Reached skill level 10 in Long Blades
 12845 | D:12     | Reached XP level 13. HP: 63/80 MP: 16/16
 13225 | Lair:1   | Entered Level 1 of the Lair of Beasts
 13845 | Lair:1   | Reached **** piety under Wu Jian
 14306 | Lair:1   | Identified 2 scrolls of acquirement
 14352 | Lair:1   | Acquired a +0 vampiric demon blade
 14353 | Lair:1   | Acquired the Secrets of the Weird Glacier
 15223 | Lair:2   | Identified the +1 war axe of Moderation {antimagic, Stlth+}
 15372 | Lair:2   | Found a hole to the Spider Nest.
 15621 | Lair:2   | Reached XP level 14. HP: 76/86 MP: 15/17
 15877 | Lair:2   | Found a staircase to the Swamp.
 16550 | Lair:3   | You fall into a shaft and drop 2 floors!
 16550 | Lair:5   | Entered Level 5 of the Lair of Beasts
 16903 | Lair:5   | Reached skill level 10 in Dodging
 16919 | Lair:5   | Reached skill level 10 in Fighting
 17382 | Lair:5   | Reached ***** piety under Wu Jian
 17776 | Lair:5   | Identified the ring of Descent {Wiz Fly rF- Will++ Int+3}
 18038 | Lair:5   | Found a staircase to the Slime Pits.
 18039 | Lair:5   | Found a viscous altar of Jiyva.
 18574 | Lair:4   | Reached XP level 15. HP: 91/94 MP: 14/18
 19902 | Lair:3   | Found a runed translucent door.
 19926 | Lair:3   | Identified the ring "Bib Tato" {rF+ Will++ Dex+3}
 20295 | Lair:1   | Learned a level 5 spell: Summon Mana Viper
 20459 | D:13     | You fall into a shaft and drop 2 floors!
 20459 | D:15     | Entered Level 15 of the Dungeon
 22363 | D:15     | Noticed a white very ugly thing
 22374 | D:15     | Killed a white very ugly thing
 22394 | D:15     | Reached XP level 16. HP: 79/101 MP: 9/23
 22409 | D:15     | Reached skill level 5 in Spellcasting
 22409 | D:15     | Reached skill level 5 in Hexes
 22599 | D:15     | Found a staircase to the Depths.
 23297 | D:14     | Noticed Jorgrun
 23309 | D:14     | Killed Jorgrun
 23783 | D:14     | Noticed Nessos
 23787 | D:14     | Killed Nessos
 23788 | D:14     | Reached skill level 10 in Summonings
 23863 | D:14     | Found a gate to the Vaults.
 24109 | D:14     | Noticed Rupert
 24111 | D:14     | Killed Rupert
 25065 | D:13     | Reached ****** piety under Wu Jian
 25577 | D:12     | Found a staircase to the Orcish Mines.
 26679 | Orc:1    | Entered Level 1 of the Orcish Mines
 27313 | Orc:2    | Entered Level 2 of the Orcish Mines
 27350 | Orc:2    | Found Kuaddoje's General Store.
 27393 | Orc:2    | Bought a scroll of identify for 28 gold pieces
 27393 | Orc:2    | Bought a wand of acid (5) for 294 gold pieces
 27393 | Orc:2    | Bought a scroll of teleportation for 42 gold pieces
 27408 | Orc:2    | Found Xoin's Antique Armour Shoppe.
 27511 | Orc:2    | Found a staircase to the Elven Halls.
 27549 | Orc:2    | Found Uraefomergh's Jewellery Shop.
 27567 | Orc:2    | Reached XP level 17. HP: 95/106 MP: 18/26
 27774 | Orc:2    | Found Geboapn's Antique Weapon Shop.
 28293 | Orc:2    | Bought a pitted robe for 171 gold pieces
 28293 | Orc:2    | Identified the +1 robe of Vuqibl Wext {+Inv rF- Will+} (You
                  | bought it in a shop on level 2 of the Orcish Mines)
 28293 | Orc:2    | Bought a steaming robe for 171 gold pieces
 28293 | Orc:2    | Identified the +0 robe "Miugis" {rElec Str-3 SInv Archmagi}
                  | (You bought it in a shop on level 2 of the Orcish Mines)
 28409 | D:11     | Bought a pair of brightly glowing boots for 351 gold pieces
 28409 | D:11     | Identified the +0 pair of boots of the Komodo Dragon {-Cast
                  | rF+++ Dex+8 Slay-5} (You bought it in a shop on level 11 of
                  | the Dungeon)
 28409 | D:11     | Bought a translucent leather armour for 259 gold pieces
 28409 | D:11     | Identified the +0 leather armour of Qosoapne {+Blink rN+
                  | Int-4 Slay+2} (You bought it in a shop on level 11 of the
                  | Dungeon)
 28495 | D:9      | Bought a pitted ring mail for 270 gold pieces
 28495 | D:9      | Identified the +3 ring mail of Zauv {Rampage +Inv MP+9
                  | Dex-2} (You bought it in a shop on level 9 of the Dungeon)
 28641 | Elf:1    | Entered Level 1 of the Elven Halls
 28668 | Elf:1    | Found a radiant altar of Vehumet.
 28949 | Elf:1    | Reached skill level 10 in Evocations
 29575 | Elf:1    | Noticed an Executioner
 30014 | Elf:1    | Learned a level 3 spell: Dazzling Flash
 30034 | Elf:2    | Reached skill level 1 in Conjurations
 30452 | Elf:2    | Reached XP level 18. HP: 78/112 MP: 20/27
 30688 | Elf:2    | Found a runed translucent gate.
 30689 | Elf:2    | Found a runed translucent gate.
 30689 | Elf:2    | Found a runed translucent gate.
 31203 | Elf:3    | Entered Level 3 of the Elven Halls
 31279 | Elf:3    | Reached skill level 5 in Conjurations
 31279 | Elf:3    | Reached skill level 15 in Summonings
 32246 | Elf:3    | Learned a level 3 spell: Mephitic Cloud
 32250 | Elf:3    | Learned a level 3 spell: Swiftness
 32255 | Elf:3    | Learned a level 4 spell: Cause Fear
 32406 | Elf:3    | Noticed a Brimstone Fiend
 32468 | Elf:3    | Reached skill level 1 in Air Magic
 32468 | Elf:3    | Reached skill level 1 in Alchemy
 32591 | Elf:3    | Noticed a deep elf master archer
 32598 | Elf:3    | Noticed a deep elf blademaster
 32600 | Elf:3    | Noticed a deep elf blademaster
 32606 | Elf:3    | Killed a deep elf blademaster
 32607 | Elf:3    | Killed a deep elf master archer
 32615 | Elf:3    | Killed a deep elf blademaster
 32645 | Elf:3    | Identified the +10 plate armour of the Harvest {SInv}
 32701 | Elf:3    | Noticed a deep elf master archer
 32707 | Elf:3    | Killed a deep elf master archer
 32725 | Elf:3    | Got Pisam's Compilation of Assaults
 32731 | Elf:3    | Identified the staff "Ifeefuw" {rF+ Stlth- Conj Hexes Fire}
 32732 | Elf:3    | Identified the staff "Odioschu" {rPois rN+ Int+5 Alchemy}
 32752 | Elf:3    | Identified the +0 ring mail of Zysmillyt {rF+}
 32869 | Elf:3    | Identified the staff of Truncation {rElec Str+4 Hexes Air}
 33249 | Spider:1 | Entered Level 1 of the Spider Nest
 33253 | Spider:1 | Learned a level 2 spell: Mercury Vapours
 33357 | Spider:1 | Noticed Donald
 33362 | Spider:1 | Killed Donald
 33793 | Spider:1 | Reached skill level 5 in Air Magic
 33793 | Spider:1 | Reached skill level 5 in Alchemy
 33956 | Spider:1 | Reached XP level 19. HP: 105/116 MP: 28/28
 35343 | Spider:2 | You fall into a shaft and drop 1 floor!
 35367 | Spider:3 | Noticed Arachne
 35589 | Spider:3 | Killed Arachne
 36241 | Spider:3 | Paralysed by a jorogumo for 2 turns
 37080 | Spider:2 | Paralysed by a jorogumo for 2 turns
 38217 | Spider:4 | Entered Level 4 of the Spider Nest
 38258 | Spider:4 | Reached XP level 20. HP: 107/126 MP: 25/29
 38349 | Spider:4 | Noticed Louise
 38360 | Spider:4 | Noticed Nikola
 38386 | Spider:4 | Killed Louise
 38405 | Spider:4 | Killed Nikola
 39391 | Spider:4 | Got a gossamer rune of Zot
 39809 | Swamp:1  | Entered Level 1 of the Swamp
 40212 | Swamp:1  | Identified the +4 scale mail of Hospitality {*Corrode
                  | Regen+ Str+9 Dex+2}
 41247 | Swamp:1  | Reached skill level 15 in Dodging
 41247 | Swamp:1  | Reached skill level 15 in Evocations
 41801 | Swamp:2  | Reached skill level 15 in Fighting
 42855 | Swamp:4  | Entered Level 4 of the Swamp
 42864 | Swamp:3  | Learned a level 5 spell: Silence
 43495 | Swamp:4  | Reached XP level 21. HP: 107/134 MP: 26/34
 43511 | Swamp:4  | Identified the +6 mace of Ypaho {vamp, *Noise rPois Str+2
                  | Dex+7}
 43965 | Swamp:4  | Got a decaying rune of Zot
 44639 | Lair:1   | Learned a level 5 spell: Alistair's Intoxication
 44737 | Vaults:1 | Entered Level 1 of the Vaults
 44991 | Vaults:1 | Paralysed by a formless jellyfish for 1 turns
 45039 | Vaults:1 | Learned a level 6 spell: Summon Cactus Giant
 45735 | Vaults:1 | Reached skill level 10 in Spellcasting
 46744 | Vaults:1 | Found Nahe Set's Jewellery Shop.
 47476 | Vaults:2 | Found Hockeig's Magic Scroll Shoppe.
 47481 | Vaults:2 | Bought a scroll of fear for 56 gold pieces
 47481 | Vaults:2 | Bought a scroll of teleportation for 42 gold pieces
 47481 | Vaults:2 | Bought a scroll of revelation for 105 gold pieces
 47481 | Vaults:2 | Bought a scroll of amnesia for 56 gold pieces
 47481 | Vaults:2 | Bought 2 scrolls of vulnerability for 112 gold pieces
 47481 | Vaults:2 | Bought a scroll of revelation for 105 gold pieces
 47489 | Vaults:2 | Learned a level 5 spell: Summon Forest
 47750 | Vaults:2 | Reached XP level 22. HP: 113/136 MP: 29/36
 47754 | Vaults:2 | Found a staircase to the Crypt.
 47882 | Vaults:2 | Reached skill level 1 in Translocations
 47959 | Vaults:2 | Reached skill level 10 in Hexes
 48097 | Vaults:2 | Reached skill level 5 in Armour
 48208 | Vaults:2 | Found a large runed translucent door.
 48209 | Vaults:2 | Found a large runed translucent door.
 48209 | Vaults:2 | Found a large runed translucent door.
 48209 | Vaults:2 | Found a large runed translucent door.
 48209 | Vaults:2 | Noticed Pawaof's ghost (veteran KoBe)
 48210 | Vaults:2 | Found a large runed translucent door.
 48210 | Vaults:2 | Found a large runed translucent door.
 48210 | Vaults:2 | Found a large runed translucent door.
 48210 | Vaults:2 | Found a large runed translucent door.
 49469 | Vaults:3 | Reached skill level 5 in Translocations
 49550 | Vaults:3 | Noticed Frederick
 49570 | Vaults:3 | Reached skill level 10 in Alchemy
 49583 | Vaults:3 | Killed Frederick
 49584 | Vaults:3 | Reached skill level 10 in Air Magic
 50644 | Vaults:4 | Reached XP level 23. HP: 144/144 MP: 26/37
 52241 | Vaults:4 | Found Odghyocw's Distillery.
 52244 | Vaults:4 | Bought a potion of invisibility for 152 gold pieces
 52244 | Vaults:4 | Bought a potion of resistance for 190 gold pieces
 52244 | Vaults:4 | Bought a potion of cancellation for 152 gold pieces
 52426 | Vaults:4 | Upgraded the game from 0.31-a0-1321-g5021b54 to
                  | 0.32-a0-893-gf85d74f
 52426 | Vaults:4 | Quit the game

Illustrated notes

Levels and vault maps discovered:
D:1:      nicolae_arrival_memento_mori, layout_basic
D:2:      layout_basic, ebering_ecumenical_altar_ruins, skrybe_limestone_x,
          minmay_split_cup_large, uniq_terence
D:3:      layout_basic
D:4:      layout_basic, mainiacjoe_overflow_alcove_2, minmay_temple_entry_mist,
          serial_shops, shop
D:5:      layout_basic, st_stairs_13, minmay_curled_crystal, uniq_ijyb
D:6:      layout_loops_corners, kennysheep_generic_room_4
D:7:      layout_rooms, nicolae_dithmenos_the_darkroom, serial_shops,
          nicolae_shop_rolling_square, bh_walls_and_bars, uniq_menkaure,
          uniq_joseph
D:8:      layout_rooms, hellmonk_lair_entry_icy, patterned_corridor,
          uniq_amaemon, uniq_maurice
D:9:      layout_roguey, minitemple, serial_shops, shop,
          eino_small_chamber_without_monster, hex_large
D:10:     layout_cave_pools, amcnicky_altar_gilded, slow_altar_2,
          gammafunk_ghost_hydra_chop
D:11:     nzn_winding_woodlands_cross [nzn_winding_woodlands_5x15_pockets,
          nzn_winding_woodlands_5x15_cabin,
          nzn_winding_woodlands_5x15_split_checker,
          nzn_winding_woodlands_5x15_default,
          nzn_winding_woodlands_15x15_five_gardens], layout_loops_ring,
          serial_shops, nicolae_shop_overgrown_old_shop, gauntlet_entry_generic
D:12:     layout_irregular_city, hiddenorc2_lemuel
D:13:     layout_stronghold
D:14:     layout_loops_corners, david_vaults_3, serial_bayou,
          serial_bayou_lake_a, serial_bayou_pond_e, serial_bayou_lagoon_a,
          serial_bayou_shore_b, uniq_rupert, uniq_jorgrun
D:15:     gammafunk_enter_depths_forms, layout_basic, nicolae_lava_and_water
Temple:   nicolae_temple_elliptical
Lair:1:   layout_cave_pods, lemuel_fruit_fields, lemuel_fruit_fields
Lair:2:   layout_regular_city, nicolae_swamp_entry_spooky, spider_nest_entry_a
Lair:3:   layout_cave_shapes, pdpol_lair_cabin_in_the_woods
Lair:4:   layout_misc_corridors, minmay_lair_oklob_items
Lair:5:   minmay_lair_end_enchanted_forest, layout_long_grid, slime_entry_1
Swamp:1:  layout_basic_swamp, evilmike_swamp_ruin_house_4
Swamp:2:  layout_basic_swamp, evilmike_swamp_ruin_rubble_1, swamp_pool_4
Swamp:3:  layout_falls_marsh, nicolae_swamp_orc_logging_accident
Swamp:4:  swamp, layout_basic_swamp, swamp_pool_1_2,
          tekkud_bubbles_buried_in_this_jungle
Spider:1: layout_cave_pods, uniq_donald
Spider:2: layout_spider_delve
Spider:3: nicolae_spider_mines_3, nicolae_arachne_temple
Spider:4: spider_rune_water, uniq_nikola, uniq_arachne, uniq_louise
Orc:1:    layout_caves, mines2_david
Orc:2:    grunt_orc_gardens, layout_caves, grunt_orc_garden, grunt_orc_garden,
          grunt_orc_garden, grunt_orc_garden
Elf:1:    eino_elf_arrival_altar, layout_gridlike,
          hangedman_elven_crosses_minicolossus
Elf:2:    nicolae_elf_blades_crystal_corner, layout_loops_ring
Elf:3:    elf_hall_gauntlet_narrow, layout_geoelf_castle,
          minmay_misc_feat_diagonals
Vaults:1: nicolae_vaults_diamond_1, nicolae_vaults_house_3, v_pattern_2,
          st_squares, grunt_vaults_focal, v_misc_18, vaults_mumra_minichess,
          nicolae_vaults_tangram_1, vaults_room_grunt_arrival_ludios,
          layout_vaults_omnigrid, serial_shops, shop
Vaults:2: advil_vaults_ghost_lines, nicolae_vaults_diamond_2, v_pattern_3,
          vaults_dpeg_emergency_exit, vaults_room_corners,
          vaults_standard_mumra_x, minmay_crypt_entry_simple_walls,
          nicolae_vaults_angled_halls, nicolae_vaults_sesquioval_fish,
          ontoclasm_vaults_gallery, nicolae_vaults_little_squares_3,
          nicolae_vaults_diamond_2, vaults_room_fancy_cross,
          nicolae_vaults_turnstiles, layout_vaults_omnibox, serial_shops,
          nicolae_shop_statue_plus
Vaults:3: v_rooms_5, v_pattern_4, hangedman_vaults_variations,
          nicolae_vaults_shrinking_rooms_1, nicolae_vaults_heart-shaped_vault,
          ontoclasm_vaults_shuriken, nicolae_vaults_storage_room_glass,
          hangedman_vaults_restitches, nicolae_vaults_trapezoid_lopsided_2,
          nicolae_vaults_shock_wave, nicolae_vaults_variable_pillar_hall,
          v_misc_8, v_alt_pattern_1, nicolae_vaults_diamond_1,
          nicolae_vaults_circle_grid_b, nicolae_vaults_tetromino_Z_1,
          layout_vaults_maze_snakey, uniq_frederick
Vaults:4: nicolae_vaults_trapezoid_layered, v_misc_30, vaults_room_fancy_cross,
          nicolae_vaults_network_periphery, nicolae_vaults_diagonal_hallway_6,
          nicolae_vaults_stairing_the_circle, nicolae_vaults_heart-shaped_vault,
          v_misc_18, nicolae_vaults_crenellated_ambush, v_misc_29,
          vaults_room_door_ring, layout_vaults_ring, serial_shops,
          nicolae_shop_real_fake_doors

Skill      XL: |  1  2  3  4  5  6  7  8  9 10 11 12 13 14 15 16 17 18 19 20 21 22 23 |
---------------+----------------------------------------------------------------------+-----
Fighting       | 1 2 3 4 6 7 9 11 12 13 15 16 | 16.2
Summonings     | 5 6 7 8 9 12 14 16 | 16.0
Short Blades   | 2 3 4 6 |  6.0
Hexes          | 1 2 4 7 8 9 10 | 10.0
Stealth        | 4 5 6 |  6.0
Throwing       | 2 3 4 |  4.0
Evocations     | 2 6 9 12 13 15 16 | 16.4
Long Blades    | 3 7 8 10 12 13 | 13.7
Dodging        | 5 6 9 11 12 13 15 16 | 16.4
Shields        | 3 6 |  6.0
Armour         | 1 2 4 6 |  6.0
Spellcasting   | 4 6 9 10 | 10.0
Conjurations   | 3 6 |  6.0
Air Magic      | 5 6 8 10 | 10.0
Alchemy        | 5 6 8 10 | 10.0
Translocations | 6 |  6.0

Action                     |  1- 3 |  4- 6 |  7- 9 | 10-12 | 13-15 | 16-18 | 19-21 | 22-24 || total
---------------------------+-------+-------+-------+-------+-------+-------+-------+-------++-------
  Melee: Unarmed           |    14 |       |       |       |       |       |       |       ||    14
         Dagger            |    38 |    67 |    53 |     7 |     6 |    31 |    11 |     1 ||   214
         Punch             |     2 |       |       |       |       |       |       |       ||     2
         Long sword        |       |       |    44 |   315 |  1006 |   540 |   170 |     1 ||  2076
         Short sword       |       |       |     6 |       |       |       |       |       ||     6
         Demon blade       |       |       |       |       |    67 |   787 |  2024 |  1005 ||  3883
         Scimitar          |       |       |       |       |       |    33 |    67 |       ||   100
  Throw: Dart              |       |       |    11 |     1 |     3 |     2 |       |       ||    17
   Cast: Summon Small Mamm |    14 |     4 |       |     2 |       |       |       |       ||    20
         Call Imp          |    14 |    19 |    17 |    21 |    22 |     5 |     6 |       ||   104
         Call Canine Famil |     1 |     9 |    19 |    29 |    55 |    24 |    29 |       ||   166
         Summon Blazeheart |       |       |       |     1 |     1 |       |       |       ||     2
         Summon Mana Viper |       |       |       |       |       |    31 |    91 |    10 ||   132
         Mephitic Cloud    |       |       |       |       |       |     1 |    18 |     5 ||    24
         Mercury Vapours   |       |       |       |       |       |     1 |    11 |     2 ||    14
         Dazzling Flash    |       |       |       |       |       |     1 |       |       ||     1
         Summon Cactus Gia |       |       |       |       |       |       |    26 |    32 ||    58
         Summon Forest     |       |       |       |       |       |       |     1 |    28 ||    29
         Alistair's Intoxi |       |       |       |       |       |       |     1 |     8 ||     9
         Silence           |       |       |       |       |       |       |       |     1 ||     1
 Invoke: Serpent's Lash    |       |       |       |     8 |    18 |    23 |    27 |     7 ||    83
         Heavenly Storm    |       |       |       |       |       |     3 |     4 |     2 ||     9
Ability: Lunge             |       |     7 |    31 |    64 |   112 |   141 |   126 |    82 ||   563
         Whirlwind         |       |       |    12 |    65 |   386 |   453 |   869 |   374 ||  2159
         Wall Jump         |       |       |       |     3 |     8 |     8 |    11 |     1 ||    31
  Evoke: Wand              |       |       |     6 |     5 |     6 |     5 |     5 |     4 ||    31
         Phantom mirror    |       |       |       |     1 |       |     1 |     2 |       ||     4
         Lightning rod     |       |       |       |       |       |    11 |     2 |     4 ||    17
         Sack of spiders   |       |       |       |       |       |       |     2 |       ||     2
    Use: Scroll            |       |     6 |     1 |     6 |    18 |     8 |    12 |       ||    51
         Potion            |       |       |     1 |     3 |     2 |     9 |    14 |       ||    29
   Stab: Sleeping          |     5 |    12 |    21 |    30 |    53 |    47 |    31 |     8 ||   207
         Distracted        |     1 |     2 |       |     3 |     8 |    19 |    27 |    20 ||    80
         Paralysed         |       |       |     2 |       |       |       |       |     2 ||     4
         Invisible         |       |       |       |       |       |     8 |       |       ||     8
         Confused          |       |       |       |       |       |     1 |    18 |    14 ||    33
 Armour: Robe              |    17 |    19 |    35 |   111 |   263 |   268 |   339 |       ||  1052
         Troll leather arm |       |       |       |    26 |       |       |   143 |   248 ||   417
         Swamp dragon scal |       |       |       |       |       |       |   148 |       ||   148
  Dodge: Dodged            |    38 |    39 |    63 |   180 |   499 |   627 |  1539 |   537 ||  3522
         Repelled          |       |       |       |     3 |       |    13 |     4 |       ||    20
  Block: Buckler           |       |       |       |    46 |   205 |   322 |   775 |   291 ||  1639

Table legend: (Time is in decaauts)
 A = Elapsed time spent in this place.
 B = Non-inter-level travel time spent in this place.
 C = Inter-level travel time spent in this place.
 D = Time resting spent in this place.
 E = Time spent auto-exploring this place.
 F = Levels seen in this place.
 G = Mean time per level.
                   A        B        C        D        E       F      G
               +--------+--------+--------+--------+--------+-----+--------+
         Total |  51920 |  49347 |   2573 |   3575 |  35380 |  39 | 1331.3 |
       Dungeon |  19619 |  18354 |   1265 |   1134 |  14137 |  15 | 1307.9 |
        Temple |     46 |      2 |     44 |      0 |      0 |   1 |   46.0 |
          Lair |   7305 |   6929 |    376 |    454 |   5271 |   5 | 1461.0 |
         Swamp |   4573 |   4448 |    125 |    554 |   2921 |   4 | 1143.2 |
   Spider Nest |   6425 |   6261 |    164 |    890 |   3880 |   4 | 1606.2 |
  Orcish Mines |   1718 |   1525 |    193 |      0 |   1224 |   2 |  859.0 |
   Elven Halls |   4296 |   4103 |    193 |    373 |   2476 |   3 | 1432.0 |
        Vaults |   7318 |   7108 |    210 |     21 |   5280 |   4 | 1829.5 |
      Gauntlet |    616 |    616 |      0 |    149 |    190 |   1 |  616.0 |
               +--------+--------+--------+--------+--------+-----+--------+

Top non-repeatable levels by time:
    D:15: 2204 daAuts
Vaults:1: 1995 daAuts
  Lair:5: 1945 daAuts
    D:14: 1795 daAuts
Vaults:4: 1781 daAuts
Vaults:2: 1770 daAuts
Vaults:3: 1769 daAuts
  Lair:2: 1721 daAuts
   Elf:3: 1686 daAuts
Spider:1: 1677 daAuts
    D:12: 1664 daAuts
Spider:2: 1631 daAuts
Spider:3: 1630 daAuts
  Lair:1: 1594 daAuts
    D:11: 1575 daAuts
